AoeStats
← swippy

African Clearing

510387212Analyzed
4v4 RM · 1d ago on Sep 30, 2026· 68m 6s· 8 players
Game mode
Random Map
Map size
Large (8 player)
Population
200
Speed
Normal
Resources
Standard
Victory
Conquest
Starting age
Dark Age
Ending age
Imperial Age
RankedLock teamsTeams togetherTeam positionsShared explorationLock speedFull tech treeHidden civsTurbo modeCheats
Victory
Defeat
🇨🇱 Saxons · Chile
1141
+14
🇫🇷 Mongols · France
1088
+16
🇩🇪 Malay · Germany
1079
+18
🇲🇽 Persians · Mexico
1067
+17
🇫🇮 Celts · Finland
1111
-17
🇺🇸 Japanese · United States
1103
-29
🇫🇷 Huns · France
1102
-16
🇧🇪 Vietnamese · Belgium
1083
-16
wizmander
12:01 Loom
14:47 Feudal Age
20:35 Castle Age
18:46 Horse Collar
20:49 Double-Bit Axe
22:07 Bow Saw
23:14 Heavy Plow
28:50 Ballistics
30:13 Fletching
31:27 Stone Mining
31:30 Gold Mining
32:34 Bodkin Arrow
35:41 Pikeman
36:24 Squires
37:56 Wheelbarrow
37:07 Town Watch
37:45 Murder Holes
38:03 Masonry
38:31 Guard Tower
40:19 Hand Cart
40:06 Town Patrol
41:16 Yasama
46:15 Imperial Age
44:52 Treadmill Crane
45:32 Forging
45:23 Scale Mail Armor
47:19 Kataparuto
48:05 Keep
47:17 Arrowslits
47:30 Halberdier
52:04 Chain Mail Armor
52:25 Iron Casting
51:51 Bracer
56:31 Two-Man Saw
56:18 Plate Mail Armor
56:48 Blast Furnace
Donald Trump
6:07 Loom
17:03 Feudal Age
24:06 Castle Age
24:08 Fletching
24:20 Padded Archer Armor
28:58 Elite Skirmisher
29:38 Bodkin Arrow
30:16 Scale Barding Armor
36:41 Pikeman
40:37 Forging
43:13 Scale Mail Armor
43:53 Horse Collar
Hymoteptep
4:49 Loom
13:31 Feudal Age
15:49 Double-Bit Axe
18:06 Fletching
19:31 Padded Archer Armor
27:42 Horse Collar
45:01 Town Watch
51:33 Castle Age
51:51 Stone Mining
52:58 Bow Saw
58:36 Forging
58:33 Scale Barding Armor
59:21 Bodkin Arrow
60:04 Iron Casting
59:55 Husbandry
60:54 Bloodlines
62:16 Chain Barding Armor
61:56 Light Cavalry
swippy
4:14 Loom
15:39 Feudal Age
16:12 Arson
17:00 Man-at-Arms
23:22 Double-Bit Axe
27:55 Castle Age
26:26 Horse Collar
27:20 Scale Mail Armor
27:59 Long Swordsman
29:46 Bow Saw
39:50 Elite Skirmisher
40:25 Fletching
40:36 Padded Archer Armor
42:08 Chain Mail Armor
43:03 Wheelbarrow
44:05 Leather Archer Armor
43:52 Bodkin Arrow
46:06 Gold Mining
49:03 Imperial Age
49:08 Heavy Scorpion
53:27 Ballistics
53:16 Siege Engineers
53:21 Masonry
53:15 Heavy Plow
54:00 Conscription
53:54 Gold Mining
53:56 Stone Mining
55:48 Murder Holes
56:57 Plate Mail Armor
56:37 Forging
55:49 Pikeman
56:16 Gambesons
56:46 Halberdier
61:13 Hand Cart
60:43 Town Watch
62:52 Fortified Wall
64:29 Ring Archer Armor
64:40 Imperial Skirmisher
Melkro
3:56 Loom
13:14 Feudal Age
13:54 Double-Bit Axe
22:13 Castle Age
20:19 Fletching
21:32 Bloodlines
22:21 Gold Mining
25:04 Bodkin Arrow
28:34 Stone Mining
29:13 Husbandry
33:42 Wheelbarrow
34:08 Scale Barding Armor
38:42 Chain Barding Armor
41:04 Forging
43:43 Horse Collar
46:53 Imperial Age
46:41 Padded Archer Armor
48:31 Bow Saw
48:45 Bracer
50:42 Heavy Plow
52:10 Hand Cart
53:33 Conscription
54:55 Chemistry
54:16 Ballistics
55:49 Elite Mangudai
58:09 Leather Archer Armor
60:19 Murder Holes
69:13 Iron Casting
68:40 Scale Mail Armor
JeanC
3:49 Loom
15:03 Feudal Age
20:27 Castle Age
18:29 Fletching
18:55 Padded Archer Armor
19:58 Double-Bit Axe
20:27 Elite Skirmisher
22:31 Crossbowman
26:52 Bodkin Arrow
27:20 Town Watch
30:47 Leather Archer Armor
32:22 Wheelbarrow
38:45 Imperial Age
38:00 Hand Cart
38:39 Ballistics
38:48 Bow Saw
40:18 Thumb Ring
42:08 Devotion
41:33 Arbalester
42:34 Horse Collar
44:46 Ring Archer Armor
44:17 Bracer
45:25 Chemistry
47:20 Heated Shot
47:25 Murder Holes
47:36 Heavy Plow
48:39 Squires
51:05 Elite Karambit Warrior
53:44 Gold Mining
53:45 Stone Mining
60:50 Town Patrol
61:11 Forging
61:15 Masonry
60:47 Treadmill Crane
kenshin_01984
10:39 Loom
13:06 Feudal Age
30:11 Castle Age
45:42 Town Watch
53:52 Wheelbarrow
53:41 Double-Bit Axe
53:40 Horse Collar
54:34 Scale Barding Armor
54:41 Forging
59:10 Imperial Age
58:55 Chain Barding Armor
59:12 Iron Casting
58:49 Cavalier
59:33 Husbandry
61:01 Savar
63:52 Plate Barding Armor
64:18 Blast Furnace
Delhi
10:02 Loom
12:45 Feudal Age
13:05 Man-at-Arms
16:48 Stone Mining
27:29 Fletching
29:56 Double-Bit Axe
31:28 Horse Collar
38:01 Castle Age
39:25 Wheelbarrow
39:04 Bow Saw
38:56 Heavy Plow
47:03 Hand Cart
50:22 Town Watch
53:47 Squires
53:08 Pikeman
53:57 Scale Mail Armor
54:07 Forging
54:12 Gold Mining
55:49 Gold Shaft Mining
56:25 Chain Mail Armor
56:46 Iron Casting
59:22 Bodkin Arrow
59:30 Treadmill Crane
60:08 Masonry
59:55 Gambesons
59:57 Arson
63:52 Imperial Age
63:55 Halberdier
64:41 Town Patrol
65:02 Conscription
64:04 Shield Wall
65:22 Plate Mail Armor
65:16 Elite Varangian Guard
68:11 Coinage
Connection lost

Rejoining the realm…

Still unreachable

The connection could not be restored.

Session expired

The server has moved on; the page needs a fresh start.